 Dungeon Crawl Stone Soup version 0.30-a0-313-gae38170b09 (webtiles) character file.

Game seed: 5773475360558199423

104 jlumianski the Covered (level 4, -5/29 HPs)
             Began as a Gargoyle Fighter on Oct 26, 2022.
             Killed by divine providence
             ... invoked by an orc priest
              (13 damage)
             ... on level 3 of the Dungeon.
             The game lasted 00:08:59 (2049 turns).

jlumianski the Covered (Gargoyle Fighter)           Turns: 2049, Time: 00:09:00

Health: -5/29      AC: 11    Str: 21    XL:     4   Next: 80%
Magic:  4/4        EV: 13    Int:  9    God:
Gold:   101        SH:  0    Dex:  9    Spells: 3/3 levels left

rFire   . . .      SeeInvis +    e - +0 great sword
rCold   . . .      Faith    .    (shield currently unavailable)
rNeg    + . .      Spirit   .    b - +0 scale mail
rPois   ∞          Reflect  .    (no helmet)
rElec   +          Harm     .    A - +0 cloak
rCorr   .          Rampage  .    (no gloves)
Will    .....                    (no boots)
Stlth   ..........               (no amulet)
HPRegen 0.24/turn                g - +4 ring of evasion
MPRegen 0.09/turn                p - ring of see invisible

@: no status effects
A: sickness immunity, AC +3, negative energy resistance 1, electricity
resistance, torment resistance 1, petrification resistance
a: no special abilities


You were on level 3 of the Dungeon.
You visited 1 branch of the dungeon, and saw 4 of its levels.

You collected 101 gold pieces.

Inventory:

Hand Weapons
 a - a +0 war axe
 e - a +0 great sword (weapon)
 t - the +5 rapier of the Soft God {flame, rElec}
   (You found it on level 1 of the Dungeon)

   It burns those it strikes, dealing additional fire damage.
   rElec:     It insulates you from electricity.
Missiles
 f - 7 poisoned darts
 k - 8 boomerangs (quivered)
 x - 2 throwing nets
Armour
 b - a +0 scale mail (worn)
 c - a +0 buckler
 A - a +0 cloak (worn)
Jewellery
 g - a +4 ring of evasion (left hand)
 p - a ring of see invisible (right hand)
 q - a +4 ring of protection
 B - a ring of magical power
Scrolls
 j - a scroll of immolation {unknown}
 m - a scroll of brand weapon {unknown}
 n - 5 scrolls of teleportation {unknown}
 o - 3 scrolls of identify {unknown}
 u - a scroll of noise {unknown}
 v - a scroll of silence {unknown}
 y - a scroll of enchant weapon {unknown}
 z - a scroll of blinking {unknown}
Potions
 d - 3 potions of might
 h - a potion of ambrosia {unknown}
 i - 2 potions of invisibility {unknown}
 l - a potion of mutation {unknown}
 r - 2 potions of lignification {unknown}
 s - 2 potions of brilliance {unknown}
 w - a potion of flight {unknown}


   Skills:
 + Level 3.8 Fighting
 + Level 1.1(1.7) Short Blades
 + Level 2.1(2.2) Long Blades
 + Level 1.8 Axes
 + Level 3.8 Armour
 + Level 0.4 Dodging
 + Level 3.6 Shields


You had 3 spell levels left.
You didn't know any spells.
Your spell library contained the following spells:

 Spells                   Type           Power      Damage    Failure   Level
 Apportation              Tloc           0%         N/A       71%         1
 Necrotise                Necr           0%         1d4       71%         1
 Summon Small Mammal      Summ           0%         N/A       71%         1


Dungeon Overview and Level Annotations

Branches:
Dungeon (4/15)
 Temple: D:4-7

Altars:


Innate Abilities, Weirdness & Mutations

You are immune to sickness and miasma.
Your stone body is resilient. (AC +3)
You are immune to poison.
You resist negative energy. (rN+)
You are resistant to electric shocks. (rElec)
You are resistant to unholy torment.
You are immune to petrification.


Message History

HP restored.
z - a scroll labelled YVUALOKHLI YSIOMP A rat comes into view.
The rat completely misses you.
You barely miss the rat. The rat closely misses you.
You closely miss the rat. The rat closely misses you.
The rat barely misses you.
You slash the rat!
You kill the rat!
Found a cloak.
You see here a +0 cloak.
A - a +0 cloak You start putting on your armour.
You continue putting on your +0 cloak. x4
You finish putting on your +0 cloak.
Found a spear.
Found a tubular golden ring.
A kobold comes into view.
It is wielding a +1 short sword of protection.
An orc comes into view. It is wielding a +0 dagger.
The orc shouts!
You hear a shout!
The orc shouts!
The orc throws a poisoned dart.
The poisoned dart hits you!
The orc shouts!
The orc priest shouts!
The orc throws a stone.
The stone misses you.
You see here a ring of magical power.
B - a ring of magical power The orc priest invokes the aid of Beogh against you.
Beogh smites you!
The orc priest invokes the aid of Beogh against you.
Beogh smites you!
* * * LOW HITPOINT WARNING * * *
The orc completely misses you.
You closely miss the orc. The orc hits you but does no damage.
The orc throws a poisoned dart.
The poisoned dart closely misses you. The orc barely misses you.
You barely miss the orc.
The white imp shouts, "Turn tail, thou pottle-deep hasty-witted clam!"
Unknown command.
The orc priest mumbles some strange prayers to Beogh against you.
Beogh smites you!
You die...

.....#..................# .#
.........g.......#......## .#
...................#...#### .#
>..........)..#..#...#....#####.#
.............5......#####.##....#
................................#
.......................###.#....#
.............K.###..##...........
....<........oo.@......###.##...#
.............#.#.........#.###...
.............oo#..............##.
.......).............[...#.......
........$...###.....).........††>
..?......... #########..........
............ ..........).
............ ##..........
#..........


You could see an orc priest, 2 orcs and a kobold.

Vanquished Creatures
  An orc wizard (D:2)
  3 adders
  6 ball pythons
  4 endoplasms
  A giant cockroach (D:1)
  7 goblins
  7 hobgoblins
  6 kobolds
  2 quokkas (D:1)
  6 bats
  2 frilled lizards (D:1)
  4 rats
49 creatures vanquished.

Vanquished Creatures (others)
  2 demonic plants (D:1)
  A plant (D:1)
3 creatures vanquished.

Grand Total: 52 creatures vanquished

Notes
Turn   | Place    | Note
-------+----------+-------------------------------------------
     0 | D:1      | jlumianski the Gargoyle Fighter began the quest for the
                  | Orb.
     0 | D:1      | Reached XP level 1. HP: 14/14 MP: 1/1
    89 | D:1      | Reached XP level 2. HP: 17/19 MP: 2/2
   664 | D:2      | Reached skill level 1 in Long Blades
   664 | D:2      | Reached XP level 3. HP: 23/23 MP: 3/3
   943 | D:2      | Reached XP level 4. HP: 22/29 MP: 4/4
  1359 | D:1      | Identified the +5 rapier of the Soft God {flame, rElec}
  1416 | D:1      | Found a faded altar of an unknown god.
  1963 | D:4      | Reached skill level 1 in Short Blades
  2049 | D:3      | Killed from afar by an orc priest

Illustrated notes

Levels and vault maps discovered:
D:1:      sevenhm_arrival_forest_fort_large_4, layout_loops_ring,
          shapermc_ecumenical_altar_gd, minivault_5, dreamdust_mushroom_princess
D:2:      layout_rooms, nrook_campfire, st_stairs_5, small_statue_intersection
D:3:      layout_rooms, marbit_many_paths
D:4:      layout_basic, serial_shops, shop, hangedman_decor_opposing,
          roderic_roman_lattice, minivault_19, small_statue_intersection,
          nicolae_stop_n_shop_1, dk_rats_in_the_wall

Skill      XL: |  1  2  3  4 |
---------------+-------------+-----
Long Blades    | 1 2 |  2.1
Short Blades   | 1 |  1.1
Fighting       | |  3.8
Axes           | |  1.8
Armour         | |  3.8
Dodging        | |  0.4
Shields        | |  3.6

Action                   |  1- 3 |  4- 6 || total
-------------------------+-------+-------++-------
Melee: War axe           |    15 |       ||    15
       Great sword       |    94 |    23 ||   117
       Rapier            |       |    47 ||    47
Armor: Scale mail        |    93 |    38 ||   131
Dodge: Dodged            |    96 |    61 ||   157
Block: Buckler           |     4 |       ||     4

Table legend: (Time is in decaauts)
 A = Elapsed time spent in this place.
 B = Non-inter-level travel time spent in this place.
 C = Inter-level travel time spent in this place.
 D = Time resting spent in this place.
 E = Time spent auto-exploring this place.
 F = Levels seen in this place.
 G = Mean time per level.
                   A        B        C        D        E       F      G
               +--------+--------+--------+--------+--------+-----+--------+
         Total |   2139 |   2093 |     46 |     65 |   1150 |   4 |  534.8 |
       Dungeon |   2139 |   2093 |     46 |     65 |   1150 |   4 |  534.8 |
               +--------+--------+--------+--------+--------+-----+--------+

Top non-repeatable levels by time:
     D:1: 1190 daAuts
     D:2: 619 daAuts
     D:3: 218 daAuts
     D:4: 111 daAuts
